AoeStats
← carloslhc3809

Arena

510594340Analyzed
1v1 RM · 12h ago on Oct 1, 2026· 55m 37s· 2 players
Game mode
Random Map
Map size
Tiny (2 player)
Population
200
Speed
Normal
Resources
Standard
Victory
Conquest
Starting age
Dark Age
Ending age
Imperial Age
RankedLock teamsTeams togetherTeam positionsShared explorationLock speedFull tech treeHidden civsTurbo modeCheats
Victory
Defeat
🇦🇷 Britons · Argentina
882
+17
🇳🇱 Hindustanis · Netherlands
893
-17
MVP
3:31 Loom
12:13 Feudal Age
13:33 Town Watch
16:20 Castle Age
14:41 Horse Collar
15:04 Double-Bit Axe
15:40 Stone Mining
16:17 Gold Mining
20:12 Wheelbarrow
20:09 Fletching
28:35 Imperial Age
26:59 Padded Archer Armor
27:21 Bow Saw
27:45 Heavy Plow
28:07 Leather Archer Armor
29:04 Gold Shaft Mining
30:18 Chemistry
29:48 Ballistics
29:31 Town Patrol
29:47 Bodkin Arrow
30:50 Bracer
31:54 Murder Holes
33:36 Hoardings
34:00 Hand Cart
36:33 Two-Man Saw
35:55 Warwolf
36:45 Ring Archer Armor
38:22 Husbandry
37:42 Cavalier
37:49 Elite Longbowman
39:36 Forging
39:32 Scale Barding Armor
39:45 Capped Ram
43:30 Siege Engineers
43:19 Heavy Scorpion
43:48 Pikeman
44:29 Squires
44:14 Arson
44:48 Halberdier
47:26 Masonry
49:38 Chain Barding Armor
49:19 Scale Mail Armor
49:55 Iron Casting
52:29 Chain Mail Armor
52:50 Plate Barding Armor
53:15 Blast Furnace
52:13 Elite Skirmisher
carloslhc3809
12:07 Feudal Age
16:20 Castle Age
14:17 Double-Bit Axe
15:46 Horse Collar
17:55 Wheelbarrow
20:47 Loom
20:52 Town Watch
22:46 Stone Mining
29:47 Imperial Age
27:35 Hand Cart
28:24 Heavy Plow
29:23 Bloodlines
29:11 Light Cavalry
30:20 Husbandry
30:29 Scale Barding Armor
30:38 Forging
32:15 Chemistry
32:03 Conscription
35:14 Hussar
37:14 Scale Mail Armor
37:35 Chain Barding Armor
40:15 Siege Elephant
43:58 Plate Barding Armor
44:00 Iron Casting
46:25 Siege Engineers
46:31 Masonry
48:52 Blast Furnace
Connection lost

Rejoining the realm…

Still unreachable

The connection could not be restored.

Session expired

The server has moved on; the page needs a fresh start.